 Dungeon Crawl Stone Soup version 0.27.0-1-g7a08968 (webtiles) character file.

Game seed: 10284887122013847533

9398 BALLS the Thaumaturge (level 11, -5/78 HPs)
             Began as a Mummy Conjurer on Jan 21, 2022.
             Was a Believer of Sif Muna.
             Slain by a seven-headed hydra (10 damage)
             ... on level 9 of the Dungeon on Jan 22, 2022.
             The game lasted 00:35:18 (13708 turns).

BALLS the Thaumaturge (Mummy Conjurer)             Turns: 13708, Time: 00:35:19

Health: -5/78      AC:  8    Str: 10    XL:     11   Next: 22%
Magic:  2/27       EV: 11    Int: 20    God:    Sif Muna [**....]
Gold:   606        SH:  0    Dex: 18    Spells: 17/34 levels left

rFire    x . .     SeeInvis .   t - staff of conjuration
rCold    + . .     Faith    .   (no shield)
rNeg     + + +     Spirit   .   B - +0 acid dragon scales
rPois    ∞         Reflect  .   (no helmet)
rElec    .         Harm     .   q - +1 cloak
rCorr    +         Rampage  .   (no gloves)
Will     +....                  (no boots)
Stlth    ++........             (no amulet)
HPRegen  0.23/turn              r - ring of wizardry
MPRegen  0.20/turn              x - +6 ring of dexterity

@: mesmerised
A: cold resistance 1, negative energy resistance 3, torment resistance 2, heat
vulnerability 1, no potions
a: Renounce Religion, Channel Magic


You were on level 9 of the Dungeon.
You worshipped Sif Muna.
Sif Muna was pleased with you.
You visited 3 branches of the dungeon, and saw 12 of its levels.

You collected 606 gold pieces.

Inventory:

Hand Weapons
 j - a +1 dagger of venom
 z - a +4 dagger of distortion
Armour
 a - +0 steam dragon scales
 n - a +3 leather armour of poison resistance
 q - a +1 cloak (worn)
 w - a +0 buckler
 B - +0 acid dragon scales (worn)
Magical Staves
 t - a staff of conjuration (weapon)
Jewellery
 r - a ring of wizardry (left hand)
 u - an amulet of guardian spirit
 x - a +6 ring of dexterity (right hand)
Wands
 i - a wand of flame (23)
 k - a wand of mindburst (23)
 m - a wand of iceblast (21)
 s - a wand of paralysis (9)
 A - a wand of digging (6)
Scrolls
 b - 2 scrolls of amnesia {unknown}
 c - 3 scrolls of magic mapping
 d - 2 scrolls of fear {unknown}
 e - a scroll of enchant weapon {unknown}
 f - 2 scrolls of enchant armour
 g - a scroll of identify
 h - a scroll of noise {unknown}
 l - 2 scrolls of immolation
 o - 2 scrolls of brand weapon {unknown}
 p - a scroll of torment
 v - a scroll of acquirement {unknown}
 y - a scroll of teleportation {unknown}


   Skills:
 + Level 4.9 Fighting
 - Level 1.5 Dodging
 - Level 1.5 Stealth
 - Level 12.0 Spellcasting
 - Level 10.0 Conjurations
 - Level 2.0 Hexes
 - Level 4.0 Translocations
 - Level 5.0 Invocations


You had 17 spell levels left.
You knew the following spells:

 Your Spells              Type           Power      Damage    Failure   Level
a - Searing Ray           Conj           100%       3d7       1%          2
b - Conjure Flame         Conj/Fire      48%        6-21      1%          3
c - Magic Dart            Conj           100%       1d8       1%          1
d - Iskenderun's Mystic   Conj/Tloc      56%        2d12      1%          4
e - Fulminant Prism       Conj/Hex       26%        3d14      3%          4
f - Dazzling Flash        Conj/Hex       100%       N/A       1%          3

Your spell library contained the following spells:

 Spells                   Type           Power      Damage    Failure   Level
 Foxfire                  Conj/Fire      100%       2x1d9     1%          1
 Static Discharge         Conj/Air       48%        N/A       1%          2
 Gell's Gravitas          Tloc           14%        N/A       2%          3
 Lesser Beckoning         Tloc           14%        N/A       2%          3
 Teleport Other           Tloc           28%        N/A       2%          3
 Ensorcelled Hibernation  Hex/Ice        32%        N/A       3%          2
 Inner Flame              Hex/Fire       16%        N/A       8%          3
 Summon Guardian Golem    Hex/Summ       16%        N/A       8%          3
 Orb of Destruction       Conj           33%        9d12      43%         7
 Conjure Ball Lightning   Conj/Air       24%        3x3d7     54%         6
 Spellforged Servitor     Conj/Summ      24%        N/A       98%         7
 Shadow Creatures         Summ           N/A        N/A       99%         6
 Spider Form              Tmut/Pois      Unusable   N/A       N/A         3

Dungeon Overview and Level Annotations

Branches:
Dungeon (10/15)            Temple (1/1) D:7            Lair (1/6) D:8
    Orc: D:9-12

Altars:
Ashenzari
Cheibriados
Dithmenos
Elyvilon
Fedhas
Gozag
Hepliaklqana
Kikubaaqudgha
Makhleb
Okawaru
Ru
Sif Muna
Trog
Uskayaw
Vehumet
Wu Jian
Xom
Yredelemnul
Zin
The Shining One

Shops:
D:8 *

Annotations:
D:8 exclusion: oklob plant
D:9 1 runed translucent door, Maggie; damzos's ghost, novice HOFi


Innate Abilities, Weirdness & Mutations

You are immune to poison.
Your flesh is cold resistant. (rC+)
You are immune to negative energy. (rN+++)
You are immune to unholy pain and torment.
You are vulnerable to heat. (rF-)
You do not drink.


Message History

You cannot move away from Maggie!
The seven-headed hydra bites your fulminant prism! x2
Your fulminant prism detonates feebly.
You cannot move away from Maggie!
As you read the scroll labelled LUCUJ YPEUW, it crumbles to dust.
It is a scroll of identify.
l - 2 scrolls of immolation
As you read the scroll of identify, it crumbles to dust.
p - 2 scrolls of torment Maggie gestures wildly while chanting.
Maggie draws you further into her thrall.
The seven-headed hydra bites you! The seven-headed hydra bites you.
The seven-headed hydra closely misses you.
The seven-headed hydra bites you!
The seven-headed hydra barely misses you.
The seven-headed hydra bites you! The seven-headed hydra bites you.
Unknown command.
As you read the scroll of torment, it crumbles to dust.
You feel a surge of unholy energy.
The seven-headed hydra convulses!
Maggie convulses!
Maggie mumbles some strange words.
Maggie draws you further into her thrall.
The seven-headed hydra bites you but does no damage.
The seven-headed hydra bites you! The seven-headed hydra bites you.
* * * LOW HITPOINT WARNING * * *
The seven-headed hydra bites you.
* * * LOW HITPOINT WARNING * * *
The seven-headed hydra bites you but does no damage.
The seven-headed hydra barely misses you.
The seven-headed hydra bites you!
* * * LOW HITPOINT WARNING * * *
Casting: Fulminant Prism (dangerous; 3% risk of failure)
Confirm with . or Enter, or press ? or * to list all spells.
You feel a surge of power!
Maggie is dazzled.
The seven-headed hydra misses you. The seven-headed hydra bites you.
* * * LOW HITPOINT WARNING * * *
The seven-headed hydra bites you.
* * * LOW HITPOINT WARNING * * *
The seven-headed hydra bites you!
You die...

#.# #.......# *,,,*
#># #.......# *,,,*
#.# #......)# *,,,*
######.# #.****#.#
*,,.*
.......########.*
#.#####...*
...<............*
#D........*
#####...#######.*
#.........* #...#
#.## #.#####...#
#...#
##.@####.#####...#*
#...#
#...D@............*
#...#
#########.########*
#...#
#♣....♣♣.♣♣♣...♣
#.>.#
#.≈≈≈....♣♣..♣.♣#
#...#
#.≈≈.♣.♣.♣.≈≈≈..###
#...#
#♣♣..♣.♣.......♣#..
#...#
♣♣♣♣♣♣.♣♣♣♣♣♣♣#>l
#...# ### #.# ###


You could see a seven-headed hydra and Maggie (mesmerising, blind).

Vanquished Creatures
  A hydra (D:9)
  A two-headed ogre (D:7)
  Pikel (D:4)
  Psyche (D:9)
  A freezing wraith (D:9)
  2 trolls (D:9)
  3 hornets
  2 shadows (D:9)
  A wraith (D:9)
  A wyvern (D:9)
  5 steam dragons
  2 acid dragons
  2 wargs (D:8)
  Edmund (D:4)
  2 black bears
  7 orc warriors
  2 sky beasts
  5 necrophages
  4 ogres
  3 centaurs (D:9)
  3 lemures (D:4)
  2 kobold brigands
  2 bullfrogs
  A gnoll sergeant (D:9)
  A scorpion (D:5)
  6 killer bees
  A vampire bat (D:5)
  4 wights
  5 howler monkeys
  2 centaur zombies (D:6)
  A jelly (D:5)
  A gnoll shaman (D:6)
  4 hounds
  A centaur skeleton (D:4)
  4 orc priests
  4 iguanas
  Natasha (twice) (D:3)
  7 orc wizards
  A howler monkey zombie (D:7)
  2 adders
  12 gnolls
  2 howler monkey skeletons
  2 river rats (D:4)
  A shadow imp (D:6)
  2 worms (D:2)
  A dart slug (D:2)
  3 fire bats (D:5)
  16 orcs
  2 spectral bats (D:5)
  3 bat skeletons (D:5)
  A bat zombie (D:5)
  5 endoplasms
  3 giant cockroaches
  3 goblins
  5 hobgoblins
  3 jackals (D:2)
  2 quokkas
  6 ball pythons
  11 bats
  A bat simulacrum (D:5)
  8 frilled lizards
  9 kobolds
  7 rats
209 creatures vanquished.

Vanquished Creatures (others)
  A human (D:5)
  22 fulminant prisms
  24 plants
47 creatures vanquished.

Grand Total: 256 creatures vanquished

Notes
Turn   | Place    | Note
-------+----------+-------------------------------------------
     0 | D:1      | BALLS the Mummy Conjurer began the quest for the Orb.
     0 | D:1      | Reached XP level 1. HP: 13/13 MP: 4/4
   286 | D:1      | Reached skill level 3 in Spellcasting
   539 | D:1      | Found a faded altar of an unknown god.
   629 | D:1      | Reached XP level 2. HP: 19/19 MP: 2/6
   632 | D:1      | Learned a level 2 spell: Searing Ray
  1425 | D:2      | Reached skill level 4 in Spellcasting
  2174 | D:2      | Reached XP level 3. HP: 23/24 MP: 5/8
  2443 | D:2      | Reached skill level 5 in Spellcasting
  2738 | D:3      | Found a radiant altar of Vehumet.
  2743 | D:3      | Reached XP level 4. HP: 30/30 MP: 6/11
  2930 | D:3      | Got Kiegatau's Papyrus of Damage Dealing
  2943 | D:3      | Noticed Natasha
  2951 | D:3      | Killed Natasha
  3305 | D:3      | Noticed Natasha
  3309 | D:3      | Killed Natasha
  3310 | D:3      | Reached skill level 6 in Spellcasting
  3610 | D:4      | Reached XP level 5. HP: 35/35 MP: 10/14
  3695 | D:4      | Reached skill level 7 in Spellcasting
  3699 | D:4      | Learned a level 3 spell: Dazzling Flash
  3706 | D:4      | Learned a level 4 spell: Fulminant Prism
  3927 | D:4      | Noticed a black bear
  3933 | D:4      | Killed a black bear
  3934 | D:4      | Reached XP level 6. HP: 33/41 MP: 6/16
  3950 | D:4      | Reached skill level 1 in Hexes
  4729 | D:4      | Noticed Pikel
  4794 | D:4      | Killed Pikel
  4795 | D:4      | Reached XP level 7. HP: 20/52 MP: 3/18
  5014 | D:4      | Reached skill level 8 in Spellcasting
  5116 | D:4      | Noticed Edmund
  5128 | D:4      | Killed Edmund
  5129 | D:4      | Reached skill level 5 in Conjurations
  5624 | D:5      | Entered Level 5 of the Dungeon
  5645 | D:5      | Reached XP level 8. HP: 58/58 MP: 14/20
  5762 | D:5      | Reached skill level 9 in Spellcasting
  5988 | D:5      | Learned a level 4 spell: Iskenderun's Mystic Blast
  6335 | D:5      | Found a broken altar of Ashenzari.
  7058 | D:5      | Found an ancient bone altar of Kikubaaqudgha.
  7244 | D:6      | Reached skill level 10 in Spellcasting
  7411 | D:6      | Reached XP level 9. HP: 52/63 MP: 16/23
  7517 | D:6      | Found a shimmering blue altar of Sif Muna.
  7951 | D:6      | Found a burning altar of Makhleb.
  8003 | D:6      | Became a worshipper of Sif Muna the Loreminder
  8067 | D:6      | Found a sacrificial altar of Ru.
  8139 | D:6      | Found a hide-covered altar of Uskayaw.
  8467 | D:7      | Noticed a two-headed ogre
  8693 | D:7      | Killed a two-headed ogre
  9073 | D:7      | Reached skill level 10 in Conjurations
  9148 | D:7      | Found a shadowy altar of Dithmenos.
  9159 | D:7      | Found a staircase to the Ecumenical Temple.
  9183 | D:7      | Found a hazy altar of Hepliaklqana.
  9204 | Temple   | Entered the Ecumenical Temple
  9591 | D:8      | Reached skill level 1 in Translocations
  9591 | D:8      | Reached XP level 10. HP: 70/70 MP: 20/24
  9750 | D:8      | Reached * piety under Sif Muna
 10160 | D:8      | Found a staircase to the Lair.
 10193 | D:8      | Found Zin's Purification Station.
 10250 | D:8      | Found a blossoming altar of Fedhas.
 10271 | D:8      | Noticed an oklob plant
 10471 | D:8      | Reached skill level 1 in Invocations
 10719 | D:9      | Found a runed translucent door.
 10719 | D:9      | Noticed damzos's ghost (novice HOFi)
 10909 | D:10     | Entered Level 10 of the Dungeon
 11448 | D:9      | Noticed Psyche
 11473 | D:9      | Killed Psyche
 11669 | D:9      | Reached ** piety under Sif Muna
 11685 | D:9      | Reached skill level 5 in Invocations
 12086 | D:9      | Reached skill level 11 in Spellcasting
 12248 | Lair:1   | Entered Level 1 of the Lair of Beasts
 12923 | D:8      | Learned a level 3 spell: Conjure Flame
 13021 | D:9      | Noticed a six-headed hydra
 13039 | D:9      | Killed a six-headed hydra
 13040 | D:9      | Reached XP level 11. HP: 43/75 MP: 6/26
 13196 | D:9      | Noticed a seven-headed hydra
 13211 | D:9      | Reached skill level 12 in Spellcasting
 13402 | D:9      | Noticed Maggie
 13708 | D:9      | Slain by a seven-headed hydra

Illustrated notes

Levels and vault maps discovered:
D:1:      tarquinn_simple_flora_water_e, layout_loops_corners,
          chequers_ecumenical_altar_island, serial_bayou_crossing
D:2:      layout_loops_ring, grunt_ministairs_4
D:3:      layout_basic, vehumet_altar_wand_db, st_stairs_14, dk_noncrumbling_2,
          minivault_4, minmay_misc_feat_encased, hangedman_decor_growths,
          uniq_natasha
D:4:      layout_basic, portal_sewer_entry_e, minmay_lizard_king, uniq_pikel,
          uniq_edmund
D:5:      layout_basic, tgw_kikubaaqudgha, evilmike_ruin_ashenzari,
          goddamned_bats
D:6:      layout_gridville, makhleb_grotto_becter, nicolae_ru_awakened_eye,
          lemuel_tele_altar, lemuel_coloured_pillars_altar
D:7:      layout_rooms, nicolae_dithmenos_the_darkroom,
          nicolae_hepliaklqana_hazy_memory, minmay_temple_entry_statues_pillars
D:8:      layout_basic, zin_purify, tgw_fedhas, erik_lair_orcish_takeover
D:9:      nzn_winding_woodlands_cross [nzn_winding_woodlands_5x15_sawtooth,
          nzn_winding_woodlands_5x15_eye,
          nzn_winding_woodlands_5x15_pathside_ponds,
          nzn_winding_woodlands_5x15_cabin,
          nzn_winding_woodlands_15x15_killbox], layout_long_grid,
          hellmonk_ghost_happy_afterlife, uniq_psyche, uniq_maggie
D:10:     layout_loops_ring, marbit_many_paths, nemelex_diamond_rough_becter
Temple:   jpeg_temple_island
Lair:1:   layout_concentric_octagons, gammafunk_ghost_berserking_beasts,
          uniq_fannar

Skill      XL: |  1  2  3  4  5  6  7  8  9 10 11 |
---------------+----------------------------------+-----
Spellcasting   | 3 4 5 6 7 8 10 11 12 | 12.0
Conjurations   | 4 5 7 10 | 10.0
Hexes          | 2 |  2.0
Fighting       | 3 4 |  4.9
Translocations | 1 4 |  4.0
Invocations    | 5 |  5.0
Dodging        | |  1.5
Stealth        | |  1.5

Action                   |  1- 3 |  4- 6 |  7- 9 | 10-12 || total
-------------------------+-------+-------+-------+-------++-------
Melee: Unarmed           |     8 |       |       |       ||     8
       Dagger            |     2 |    16 |    14 |       ||    32
       Staff             |       |       |       |     3 ||     3
 Cast: Magic Dart        |    74 |    23 |     7 |    31 ||   135
       Searing Ray       |     4 |    16 |    62 |    54 ||   136
       Fulminant Prism   |       |       |     6 |    16 ||    22
       Iskenderun's Myst |       |       |       |     7 ||     7
       Conjure Flame     |       |       |       |     5 ||     5
       Dazzling Flash    |       |       |       |     1 ||     1
  Use: Scroll            |       |       |       |     6 ||     6
 Stab: Sleeping          |       |     1 |       |       ||     1
Armor: Robe              |     5 |     4 |    26 |     8 ||    43
       Acid dragon scale |       |       |       |     3 ||     3
       Skin              |       |       |       |     1 ||     1
Dodge: Dodged            |    18 |    24 |    68 |    40 ||   150
